 Dungeon Crawl Stone Soup version 0.27-a0-1572-gacd6f1ce93 (webtiles) character file.

Game seed: 17488769486885475830

1251 Blejac999 the Slasher (level 8, -3/58 HPs)
             Began as a Djinni Gladiator on July 17, 2021.
             Was a Follower of Qazlal.
             Slain by Edmund (9 damage)
             ... on level 6 of the Dungeon.
             The game lasted 00:14:14 (7173 turns).

Blejac999 the Slasher (Djinni Gladiator)            Turns: 7173, Time: 00:14:15

Health: -3/58      AC:  6    Str: 15    XL:     8   Next: 80%
Gold:   312        EV: 14    Int:  9    God:    Qazlal [*.....] SH:  1 Dex: 16

rFire    + + .     SeeInvis .   a - +1 long sword
rCold    x . .     Faith    .   (no shield)
rNeg     . . .     Spirit   .   b - +0 leather armour
rPois    ∞         Reflect  .   c - +0 helmet
rElec    .         Harm     .   (no cloak)
rCorr    .         Rampage  .   f - +1 pair of gloves
Will     .....                  (boots unavailable)
Stlth    +.........             (no amulet)
HPRegen  0.19/turn              (no ring)
MPRegen  0.00/turn              (no ring)

@: flying
A: sickness immunity, fire resistance 2, cold vulnerability 1, float, innate
caster, hp casting, extra vitality 1
a: Renounce Religion


You were on level 6 of the Dungeon.
You worshipped Qazlal.
Qazlal was aware of your devotion.
You visited 2 branches of the dungeon, and saw 7 of its levels.

You collected 312 gold pieces.

Inventory:

Hand Weapons
 a - a +1 long sword (weapon)
Missiles
 e - 4 silver boomerangs (quivered)
Armour
 b - a +0 leather armour (worn)
 c - a +0 helmet (worn)
 f - a +1 pair of gloves (worn)
Scrolls
 d - 2 scrolls of enchant armour
Potions
 g - 2 potions of brilliance
 i - a potion of cancellation {unknown}
 j - a potion of heal wounds {unknown}


   Skills:
 * Level 4.8 Fighting
 + Level 5.9 Long Blades
 + Level 1.8 Throwing
 + Level 3.3 Armour
 + Level 5.0 Dodging
 * Level 3.0 Spellcasting


You had 7 spell levels left.
You knew the following spells:

 Your Spells              Type           Power      Damage    Failure   Level
a - Beastly Appendage     Tmut           12%        N/A       11%         1
b - Blink                 Tloc           N/A        N/A       16%         2
c - Gell's Gravitas       Tloc           3%         N/A       32%         3
Your spell library was empty.

Dungeon Overview and Level Annotations

Branches:
Dungeon (6/15)             Temple (1/1) D:4

Altars:
Ashenzari
Dithmenos
Elyvilon
Fedhas
Gozag
Hepliaklqana
Kikubaaqudgha
Nemelex Xobeh
Okawaru
Qazlal
Ru
Trog
Uskayaw
Vehumet
Wu Jian
Zin

Annotations:
D:5 Dowan, Duvessa
D:6 Edmund


Innate Abilities, Weirdness & Mutations

You are immune to sickness and miasma.
You are immune to poison.
Your flesh is very heat resistant. (rF++)
You are vulnerable to cold. (rC-)
You float through the air rather than walking.
You learn spells naturally, not from books.
Your magical power is your life essence.
You have superior vitality. (+4 HP)


Message History

Edmund barely misses you.
You riposte.
You hit Edmund but do no damage.
Edmund is severely wounded.
Edmund hits you with a +5 flail of protection!
You closely miss Edmund. You headbutt Edmund, but do no damage.
Edmund is severely wounded.
Edmund hits you with a +5 flail of protection!
You closely miss Edmund.
Edmund is severely wounded.
Edmund misses you.
You hit Edmund.
Edmund is severely wounded.
Edmund hits you with a +5 flail of protection!
* * * LOW HITPOINT WARNING * * *
Unknown command.
You hit Edmund.
Edmund is severely wounded.
Your horns disappear.
Your +0 helmet unmelds from your body.
Edmund hits you with a +5 flail of protection!
* * * LOW HITPOINT WARNING * * *
Unknown command.
It was a potion of curing.
You feel better.
Edmund hits you with a +5 flail of protection!
* * * LOW HITPOINT WARNING * * *
You feel better. Edmund barely misses you.
You riposte.
You barely miss Edmund.
Edmund is severely wounded.
You barely miss Edmund.
Edmund is severely wounded.
Edmund hits you with a +5 flail of protection!
* * * LOW HITPOINT WARNING * * *
Unknown command.
You hit Edmund but do no damage.
Edmund is severely wounded.
Edmund clears his throat.
Edmund barely misses you.
Okay, then.
You hit Edmund but do no damage.
Edmund is severely wounded.
Edmund hits you with a +5 flail of protection!
You die...

....≈≈......
...≈≈....)## ........##.
...@. #.. #''# #.# #
##..# #.# ###.####..##
#.#
.........#######.####..#
..............@@......#
.#######.#######.######
#.## #..#
#..#######.####
##............#
########.....# #...)<#
.........# ....######


You could see Edmund.

Vanquished Creatures
  2 black bears (D:4)
  4 ogres
  A centaur (D:5)
  A necrophage (D:5)
  A bullfrog (D:5)
  A water moccasin skeleton (D:5)
  A howler monkey (D:4)
  3 hounds
  A jelly (D:5)
  4 iguanas (D:4)
  Terence (D:2)
  3 hound skeletons
  5 adders
  An ufetubus (D:4)
  4 dart slugs
  2 orcs
  8 ball pythons
  9 bats
  6 endoplasms
  4 giant cockroaches
  7 hobgoblins
  6 jackals (D:1)
  6 kobolds
  5 quokkas
  A frilled lizard (D:1)
  7 goblins
  5 rats
99 creatures vanquished.

Vanquished Creatures (others)
  A wizard (D:5)
1 creature vanquished.

Grand Total: 100 creatures vanquished

Notes
Turn   | Place    | Note
-------+----------+-------------------------------------------
     0 | D:1      | Blejac999 the Djinni Gladiator began the quest for the Orb.
     0 | D:1      | Reached XP level 1. HP: 18/18 MP: 0/0
    86 | D:1      | Reached XP level 2. HP: 13/23 MP: 0/0
  1020 | D:1      | Reached XP level 3. HP: 23/28 MP: 0/0
  1020 | D:1      | Learned a level 1 spell: Beastly Appendage
  1611 | D:2      | Reached skill level 1 in Armour
  1756 | D:2      | Reached XP level 4. HP: 27/34 MP: 0/0
  1942 | D:2      | Noticed Terence
  1957 | D:2      | Killed Terence
  2519 | D:3      | Reached XP level 5. HP: 38/39 MP: 0/0
  2519 | D:3      | Learned a level 2 spell: Blink
  3296 | D:3      | You are sucked into a shaft and drop 2 floors!
  3296 | D:5      | Entered Level 5 of the Dungeon
  3309 | D:5      | Noticed an ogre
  3353 | D:5      | Killed an ogre
  3354 | D:5      | Reached skill level 1 in Spellcasting
  3354 | D:5      | Reached XP level 6. HP: 36/46 MP: 0/0
  3586 | D:5      | Noticed a necrophage
  3601 | D:5      | Killed a necrophage
  3759 | D:5      | Noticed an ogre
  3937 | D:5      | Found a bloodstained altar of Trog.
  3945 | D:5      | Noticed Duvessa
  3962 | D:5      | Reached XP level 7. HP: 50/50 MP: 0/0
  3962 | D:5      | Learned a level 3 spell: Gell's Gravitas
  4150 | D:5      | Noticed a wizard
  4153 | D:5      | Killed a wizard
  4213 | D:4      | Found a staircase to the Ecumenical Temple.
  4221 | Temple   | Entered the Ecumenical Temple
  4320 | Temple   | Became a worshipper of Qazlal Stormbringer
  4438 | D:5      | Noticed Dowan
  5421 | D:4      | Reached XP level 8. HP: 46/58 MP: 0/0
  5500 | D:4      | Reached skill level 5 in Long Blades
  5955 | D:5      | Found a sparkling altar of Nemelex Xobeh.
  6285 | D:5      | Found a shadowy altar of Dithmenos.
  6285 | D:5      | Found a sacrificial altar of Ru.
  6287 | D:5      | Reached * piety under Qazlal
  6302 | D:5      | HP: 1/58 [ogre (19)]
  6928 | D:6      | Reached skill level 5 in Dodging
  7140 | D:6      | Noticed Edmund
  7173 | D:6      | Slain by Edmund

Illustrated notes

Levels and vault maps discovered:
D:1:      co_arrival_square_in_a_square_in_a_square, layout_loops_ring,
          minivault_24, minmay_misc_feat_columns
D:2:      layout_loops_corners, minmay_misc_feat_nine_boxes, uniq_terence
D:3:      layout_loops_corners, minmay_starry_boxes
D:4:      layout_basic, minmay_temple_entry_from_below_b, kennysheep_dice
D:5:      layout_basic, mainiacjoe_overflow_alcove_4, trog_wizard,
          jmf_multi_god_temple, uniq_duvessa
D:6:      layout_rooms, kennysheep_cross_room, uniq_edmund, uniq_sigmund
Temple:   nicolae_temple_x_marks_the_god

Skill      XL: |  1  2  3  4  5  6  7  8 |
---------------+-------------------------+-----
Long Blades    | 3 4 5 |  5.9
Armour         | 1 2 3 |  3.3
Dodging        | 4 5 |  5.0
Fighting       | 3 4 |  4.8
Spellcasting   | 1 2 3 |  3.0
Throwing       | |  1.8

Action                   |  1- 3 |  4- 6 |  7- 9 || total
-------------------------+-------+-------+-------++-------
Melee: Long sword        |   106 |    94 |   156 ||   356
       Headbutt          |     1 |     7 |    18 ||    26
Throw: Throwing net      |       |     4 |     1 ||     5
       Boomerang         |       |       |     4 ||     4
 Cast: Beastly Appendage |     3 |    10 |    14 ||    27
       Blink             |       |       |     2 ||     2
  Use: Scroll            |     2 |     3 |     4 ||     9
       Potion            |       |       |     2 ||     2
 Stab: Sleeping          |     3 |     1 |     2 ||     6
Armor: Leather armour    |    42 |    22 |    43 ||   107
Dodge: Dodged            |    78 |    85 |   118 ||   281
       Rpst.: Long sword |    22 |    28 |    36 ||    86

Table legend: (Time is in decaauts)
 A = Elapsed time spent in this place.
 B = Non-inter-level travel time spent in this place.
 C = Inter-level travel time spent in this place.
 D = Time resting spent in this place.
 E = Time spent auto-exploring this place.
 F = Levels seen in this place.
 G = Mean time per level.
                   A        B        C        D        E       F      G
               +--------+--------+--------+--------+--------+-----+--------+
         Total |   7251 |   7181 |     70 |   2398 |   3198 |   7 | 1035.9 |
       Dungeon |   7142 |   7072 |     70 |   2398 |   3198 |   6 | 1190.3 |
        Temple |    108 |    108 |      0 |      0 |      0 |   1 |  108.0 |
               +--------+--------+--------+--------+--------+-----+--------+

Top non-repeatable levels by time:
     D:4: 1764 daAuts
     D:5: 1575 daAuts
     D:1: 1282 daAuts
     D:3: 1275 daAuts
     D:2: 990 daAuts
     D:6: 253 daAuts
  Temple: 108 daAuts
